| TOP OF THE 1ST |
|
Durham Bulls batting - Pitching for Toledo Mud Hens : RHP Ricky Tercero
|
|
Pitching: RHP Ricky Tercero
|
|
|
Batting: LHB Darryl Gonnella
|
0-0: Ball 1-0: Swinging Strike 1-1: Ball 2-1: Swinging Strike 2-2: Foul Ball, location: 2F 2-2: Strikes out swinging
|
|
Batting: RHB Alex Diaz
|
0-0: Called Strike 0-1: Called Strike 0-2: Ball 1-2: Fly out, F7 (Flyball, 7D, EV 81.9 MPH)
|
|
Batting: LHB Eric Toney
|
0-0: Called Strike 0-1: Ground out 4-3 (Groundball, 4, EV 83.1 MPH)
|
| Top of the 1st over - 0 runs, 0 hits, 0 errors, 0 left on base; Durham 0 - Toledo 0 |
| BOTTOM OF THE 1ST |
|
Toledo Mud Hens batting - Pitching for Durham Bulls : RHP Miguel Romero
|
|
Pitching: RHP Miguel Romero
|
|
|
Batting: RHB Brandon O'Malley
|
0-0: Called Strike 0-1: Foul Ball, location: 2F 0-2: Ball 1-2: Ground out 4-3 (Groundball, 4, EV 98.8 MPH)
|
|
Batting: RHB Tony Soto
|
0-0: Ball 1-0: Called Strike 1-1: Ball 2-1: Ball 3-1: Swinging Strike 3-2: Foul Ball, location: 2F 3-2: Foul Ball, location: 2F 3-2: Foul Ball, location: 2F 3-2: Fly out, F8 (Flyball, 78M, EV 80.6 MPH)
|
|
Batting: SHB Richello Badua
|
0-0: Ball 1-0: Ball 2-0: Fly out, F7 (Flyball, 7, EV 82.5 MPH)
|
| Bottom of the 1st over - 0 runs, 0 hits, 0 errors, 0 left on base; Durham 0 - Toledo 0 |
| TOP OF THE 2ND |
|
Durham Bulls batting - Pitching for Toledo Mud Hens : RHP Ricky Tercero
|
|
Batting: RHB David Ward
|
0-0: Called Strike 0-1: Swinging Strike 0-2: Strikes out swinging
|
|
Batting: LHB Davion Lewis
|
0-0: Swinging Strike 0-1: Called Strike 0-2: Ball 1-2: Ball 2-2: Strikes out swinging
|
|
Batting: RHB Jose Arriola
|
0-0: Ball 1-0: Ball 2-0: Called Strike 2-1: Ball 3-1: DOUBLE (Line Drive, 78D, EV 106.2 MPH)
|
|
Batting: LHB Danny Hull
|
0-0: Ball 1-0: Fly out, F8 (Flyball, 8LM, EV 96.9 MPH)
|
| Top of the 2nd over - 0 runs, 1 hit, 0 errors, 1 left on base; Durham 0 - Toledo 0 |
| BOTTOM OF THE 2ND |
|
Toledo Mud Hens batting - Pitching for Durham Bulls : RHP Miguel Romero
|
|
Batting: RHB John Evancho
|
0-0: Called Strike 0-1: Foul Ball, location: 2F 0-2: Foul Ball, location: 2F 0-2: Foul Ball, location: 2F 0-2: SINGLE (Groundball, 34D, EV 100.6 MPH)
|
|
Batting: RHB J.J. Basil
|
0-0: Foul Ball, location: 2F 0-1: Ball 1-1: Ball 2-1: Ball 3-1: Base on Balls John Evancho to second
|
|
Batting: RHB Dusty Pollert
|
0-0: Ball 1-0: Foul Ball, location: 2F 1-1: Ball 2-1: Ball 3-1: Base on Balls John Evancho to third J.J. Basil to second
|
|
Batting: RHB Eric Garrett
|
0-0: Ball 1-0: Ground out 5-3 (Groundball, 56S, EV 71.9 MPH) John Evancho scores J.J. Basil to third Dusty Pollert to second
|
|
Batting: RHB Adam MacConnell
|
0-0: Ball 1-0: Called Strike 1-1: Ball 2-1: Ball 3-1: Base on Balls
|
|
Batting: SHB Scott Bartholomew
|
0-0: Foul Ball, location: 2F 0-1: Ball 1-1: Ball 2-1: Ball 3-1: Swinging Strike 3-2: Strikes out swinging
|
|
Batting: RHB Brandon O'Malley
|
0-0: Ball 1-0: SINGLE (Line Drive, 89M, EV 106.2 MPH) J.J. Basil scores Dusty Pollert to third Adam MacConnell to second
|
|
Batting: RHB Tony Soto
|
0-0: Ball 1-0: Called Strike 1-1: Ball 2-1: Ball 3-1: SINGLE (Groundball, 6S, EV 68.8 MPH) (infield hit) Dusty Pollert scores Adam MacConnell to third Brandon O'Malley to second
|
|
Batting: SHB Richello Badua
|
0-0: Ball 1-0: Ball 2-0: Ball 3-0: Swinging Strike 3-1: Base on Balls Adam MacConnell scores Brandon O'Malley to third Tony Soto to second
|
|
Batting: RHB John Evancho
|
0-0: Called Strike 0-1: Swinging Strike 0-2: Ground out 4-3 (Groundball, 4, EV 83.8 MPH)
|
| Bottom of the 2nd over - 4 runs, 3 hits, 0 errors, 3 left on base; Durham 0 - Toledo 4 |
| TOP OF THE 3RD |
|
Durham Bulls batting - Pitching for Toledo Mud Hens : RHP Ricky Tercero
|
|
Batting: RHB Kevin Benfield
|
0-0: Called Strike 0-1: Ball 1-1: Called Strike 1-2: Foul Ball, location: 2F 1-2: Ground out 4-3 (Groundball, 34D, EV 96.9 MPH)
|
|
Batting: RHB James Huddleston
|
0-0: Reached on error, E6 (Groundball, 6, EV 78.8 MPH)
|
|
Batting: LHB Darryl Gonnella
|
0-0: Called Strike 0-1: Ball 1-1: DOUBLE (Line Drive, 8LXD, EV 108.1 MPH) James Huddleston scores
|
|
Batting: RHB Alex Diaz
|
0-0: Called Strike 0-1: Called Strike 0-2: Strikes out swinging
|
|
Batting: LHB Eric Toney
|
0-0: Ball 1-0: Swinging Strike 1-1: Ball 2-1: Foul Ball, location: 2F 2-2: Ball 3-2: Ground out 4-3 (Groundball, 4, EV 105.0 MPH)
|
| Top of the 3rd over - 1 run, 1 hit, 1 error, 1 left on base; Durham 1 - Toledo 4 |
| BOTTOM OF THE 3RD |
|
Toledo Mud Hens batting - Pitching for Durham Bulls : RHP Miguel Romero
|
|
Batting: RHB J.J. Basil
|
0-0: Ground out 4-3 (Groundball, 4D, EV 109.4 MPH)
|
|
Batting: RHB Dusty Pollert
|
0-0: Called Strike 0-1: Ball 1-1: Foul Ball, location: 2F 1-2: SINGLE (Line Drive, 6D, EV 96.9 MPH)
|
|
Batting: RHB Eric Garrett
|
0-0: Called Strike 0-1: Called Strike 0-2: Ball 1-2: Foul Ball, location: 2F 1-2: SINGLE (Groundball, 34D, EV 105.6 MPH) Dusty Pollert to second Runner from 2nd tries for 3rd, SAFE, throw by RF made to third
|
|
Batting: RHB Adam MacConnell
|
0-0: Called Strike 0-1: Called Strike 0-2: Fly out, F8 (Flyball, 8LM, EV 90.0 MPH) Runner from 3rd tags up, SCORES, throw by CF
|
|
Pitching: LHP Frank Rodriguez
|
|
|
Batting: SHB Scott Bartholomew
|
0-0: Ball 1-0: Foul Ball, location: 2F 1-1: Ball 2-1: Foul Ball, location: 2F 2-2: Strikes out swinging
|
| Bottom of the 3rd over - 1 run, 2 hits, 0 errors, 1 left on base; Durham 1 - Toledo 5 |
| TOP OF THE 4TH |
|
Durham Bulls batting - Pitching for Toledo Mud Hens : RHP Ricky Tercero
|
|
Batting: RHB David Ward
|
0-0: SINGLE (Groundball, 6S, EV 70.0 MPH) (infield hit)
|
|
Batting: LHB Davion Lewis
|
0-0: Called Strike 0-1: Fielders Choice at 2nd, 6-4 (Groundball, 6, EV 86.2 MPH)
|
|
Batting: RHB Jose Arriola
|
Pickoff Throw to First - Out! 1-3 0-0: Ground out 4-3 (Groundball, 34D, EV 103.1 MPH)
|
| Top of the 4th over - 0 runs, 1 hit, 0 errors, 0 left on base; Durham 1 - Toledo 5 |
| BOTTOM OF THE 4TH |
|
Toledo Mud Hens batting - Pitching for Durham Bulls : LHP Frank Rodriguez
|
|
Batting: RHB Brandon O'Malley
|
0-0: Ball 1-0: Ball 2-0: Foul Ball, location: 2F 2-1: Foul Ball, location: 2F 2-2: Ball 3-2: Fly out, F5 (Flyball, 5D, EV 82.5 MPH)
|
|
Batting: RHB Tony Soto
|
0-0: Ball 1-0: Ball 2-0: Called Strike 2-1: Ground out 5-3 (Groundball, 56S, EV 81.9 MPH)
|
|
Batting: SHB Richello Badua
|
0-0: Ball 1-0: Ball 2-0: Swinging Strike 2-1: Fly out, F8 (Flyball, 8LD, EV 93.8 MPH)
|
| Bottom of the 4th over - 0 runs, 0 hits, 0 errors, 0 left on base; Durham 1 - Toledo 5 |
| TOP OF THE 5TH |
|
Durham Bulls batting - Pitching for Toledo Mud Hens : RHP Ricky Tercero
|
|
Batting: LHB Danny Hull
|
0-0: Ball 1-0: Ground out 1-3 (Groundball, 34S, EV 63.1 MPH)
|
|
Batting: RHB Kevin Benfield
|
0-0: Called Strike 0-1: Ball 1-1: Ground out 6-3 (Groundball, 56, EV 78.1 MPH)
|
|
Batting: RHB James Huddleston
|
0-0: Ball 1-0: Foul Ball, location: 2F 1-1: Ground out 6-3 (Groundball, 6, EV 100.0 MPH)
|
| Top of the 5th over - 0 runs, 0 hits, 0 errors, 0 left on base; Durham 1 - Toledo 5 |
| BOTTOM OF THE 5TH |
|
Toledo Mud Hens batting - Pitching for Durham Bulls : LHP Frank Rodriguez
|
|
Batting: RHB John Evancho
|
0-0: Ball 1-0: Ball 2-0: Ball 3-0: Ground out U3 (Groundball, 23, EV 88.1 MPH)
|
|
Batting: RHB J.J. Basil
|
0-0: Called Strike 0-1: Ball 1-1: Ball 2-1: Ball 3-1: Foul Ball, location: 2F 3-2: Foul Ball, location: 2F 3-2: Base on Balls
|
|
Batting: RHB Dusty Pollert
|
0-0: Ball 1-0: Ball 2-0: Fly out, F8 (Line Drive, 89D, EV 95.6 MPH)
|
|
Batting: RHB Eric Garrett
|
0-0: Called Strike 0-1: Ball 1-1: Ball 2-1: Called Strike 2-2: Fielders Choice at 2nd, 5-4 (Groundball, 5, EV 83.1 MPH)
|
| Bottom of the 5th over - 0 runs, 0 hits, 0 errors, 1 left on base; Durham 1 - Toledo 5 |
| TOP OF THE 6TH |
|
Durham Bulls batting - Pitching for Toledo Mud Hens : RHP Ricky Tercero
|
|
Batting: LHB Darryl Gonnella
|
0-0: Ball 1-0: SOLO HOME RUN (Line Drive, 9D, EV 98.8 MPH), Distance : 408 ft
|
|
Batting: RHB Alex Diaz
|
0-0: Called Strike 0-1: Swinging Strike 0-2: SOLO HOME RUN (Flyball, 7D, EV 100.0 MPH), Distance : 412 ft
|
|
Batting: LHB Eric Toney
|
0-0: Fly out, F8 (Flyball, 78D, EV 87.5 MPH)
|
|
Batting: RHB David Ward
|
0-0: Ball 1-0: Swinging Strike 1-1: Swinging Strike 1-2: Ball 2-2: Strikes out swinging
|
|
Batting: LHB Davion Lewis
|
0-0: Ball 1-0: Ball 2-0: Ball 3-0: Called Strike 3-1: Fly out, F7 (Flyball, 78D, EV 106.9 MPH)
|
| Top of the 6th over - 2 runs, 2 hits, 0 errors, 0 left on base; Durham 3 - Toledo 5 |
| BOTTOM OF THE 6TH |
|
Toledo Mud Hens batting - Pitching for Durham Bulls : LHP Frank Rodriguez
|
|
Batting: RHB Adam MacConnell
|
0-0: Fly out, F7 (Flyball, 7LS, EV 90.0 MPH)
|
|
Batting: SHB Scott Bartholomew
|
0-0: Ball 1-0: Called Strike 1-1: Ground out 5-3 (Groundball, 56, EV 106.2 MPH)
|
|
Batting: RHB Brandon O'Malley
|
0-0: Ball 1-0: Foul Ball, location: 2F 1-1: Ball 2-1: Ball 3-1: Base on Balls
|
|
Batting: RHB Tony Soto
|
0-0: DOUBLE (Flyball, 8RXD, EV 98.1 MPH) Brandon O'Malley to third Runner from 3rd tries for Home, SAFE, no throw by CF
|
|
Pitching: RHP Luis Cubero
|
|
|
Batting: SHB Richello Badua
|
0-0: Foul Ball, location: 2F 0-1: Ground out U3 (Groundball, 3S, EV 90.0 MPH)
|
| Bottom of the 6th over - 1 run, 1 hit, 0 errors, 1 left on base; Durham 3 - Toledo 6 |
| TOP OF THE 7TH |
|
Durham Bulls batting - Pitching for Toledo Mud Hens : RHP Ricky Tercero
|
|
Batting: RHB Jose Arriola
|
0-0: Called Strike 0-1: Foul Ball, location: 2F 0-2: Ball 1-2: Ball 2-2: Ground out 5-3 (Groundball, 56S, EV 82.5 MPH)
|
|
Batting: LHB Danny Hull
|
0-0: Called Strike 0-1: Fly out, F7 (Flyball, 7S, EV 89.4 MPH)
|
|
Batting: RHB Kevin Benfield
|
0-0: Foul Ball, location: 2F 0-1: Ball 1-1: Foul Ball, location: 2F 1-2: Strikes out swinging
|
| Top of the 7th over - 0 runs, 0 hits, 0 errors, 0 left on base; Durham 3 - Toledo 6 |
| BOTTOM OF THE 7TH |
|
Toledo Mud Hens batting - Pitching for Durham Bulls : RHP Luis Cubero
|
|
Batting: RHB John Evancho
|
0-0: Foul Ball, location: 2F 0-1: Called Strike 0-2: Ball 1-2: Ball 2-2: Ground out 6-3 (Groundball, 6, EV 103.8 MPH)
|
|
Batting: RHB J.J. Basil
|
0-0: Called Strike 0-1: Fly out, F8 (Flyball, 8LM, EV 87.5 MPH)
|
|
Batting: RHB Dusty Pollert
|
0-0: Called Strike 0-1: DOUBLE (Line Drive, 9LM, EV 107.5 MPH)
|
|
Batting: RHB Eric Garrett
|
0-0: Ball 1-0: Ground out 4-3 (Groundball, 4, EV 86.2 MPH)
|
| Bottom of the 7th over - 0 runs, 1 hit, 0 errors, 1 left on base; Durham 3 - Toledo 6 |
| TOP OF THE 8TH |
|
Durham Bulls batting - Pitching for Toledo Mud Hens : RHP Ricky Tercero
|
|
Batting: RHB James Huddleston
|
0-0: Foul Ball, location: 2F 0-1: Ground out 5-3 (Groundball, 56, EV 85.6 MPH)
|
|
Batting: LHB Darryl Gonnella
|
0-0: Ball 1-0: Called Strike 1-1: Foul Ball, location: 2F 1-2: Strikes out looking
|
|
Batting: RHB Alex Diaz
|
0-0: Foul Ball, location: 2F 0-1: Ball 1-1: Swinging Strike 1-2: Foul Ball, location: 2F 1-2: Ball 2-2: SINGLE (Flyball, 34D, EV 91.9 MPH)
|
|
Batting: LHB Eric Toney
|
0-0: Ball 1-0: Ball 2-0: Ball 3-0: Base on Balls Alex Diaz to second
|
|
Batting: RHB David Ward
|
0-0: Foul Ball, location: 2F 0-1: Hit by Pitch Alex Diaz to third Eric Toney to second
|
|
Pitching: RHP Matt Sturge
|
|
|
Pinch Runner at 1st Sesto Carpini:
|
|
|
Batting: LHB Davion Lewis
|
0-0: Ball 1-0: Ball 2-0: Ball 3-0: Base on Balls Alex Diaz scores Eric Toney to third Sesto Carpini to second
|
|
Batting: RHB Jose Arriola
|
0-0: Ball 1-0: Ball 2-0: Ball 3-0: Called Strike 3-1: Foul Ball, location: 2F 3-2: Strikes out swinging
|
| Top of the 8th over - 1 run, 1 hit, 0 errors, 3 left on base; Durham 4 - Toledo 6 |
| BOTTOM OF THE 8TH |
|
Toledo Mud Hens batting - Pitching for Durham Bulls : RHP Luis Cubero
|
|
Now at 1B: Sesto Carpini
|
|
|
Batting: RHB Adam MacConnell
|
0-0: Ground out 5-3 (Groundball, 5, EV 105.0 MPH)
|
|
Batting: SHB Scott Bartholomew
|
0-0: Called Strike 0-1: Swinging Strike 0-2: Ball 1-2: Foul Ball, location: 2F 1-2: Ball 2-2: Strikes out swinging
|
|
Batting: RHB Brandon O'Malley
|
0-0: Fly out, F7 (Flyball, 78S, EV 92.5 MPH)
|
| Bottom of the 8th over - 0 runs, 0 hits, 0 errors, 0 left on base; Durham 4 - Toledo 6 |
| TOP OF THE 9TH |
|
Durham Bulls batting - Pitching for Toledo Mud Hens : RHP Matt Sturge
|
|
Batting: LHB Danny Hull
|
0-0: Ball 1-0: Foul Ball, location: 2F 1-1: Swinging Strike 1-2: DOUBLE (Groundball, 3L, EV 104.4 MPH)
|
|
Batting: RHB Kevin Benfield
|
0-0: Swinging Strike 0-1: Ball 1-1: Foul Ball, location: 2F 1-2: Ball 2-2: Strikes out looking
|
|
Batting: RHB James Huddleston
|
0-0: Ball 1-0: Ball 2-0: Foul Ball, location: 2F 2-1: Ball 3-1: SINGLE (Groundball, 56D, EV 101.9 MPH) Danny Hull to third
|
|
Batting: LHB Darryl Gonnella
|
0-0: Ball 1-0: Ball 2-0: Ball 3-0: Called Strike 3-1: Swinging Strike 3-2: Base on Balls James Huddleston to second
|
|
Batting: RHB Alex Diaz
|
0-0: Ball 1-0: Ball 2-0: Foul Ball, location: 2F 2-1: Ball 3-1: Called Strike 3-2: Base on Balls Danny Hull scores James Huddleston to third Darryl Gonnella to second
|
|
Batting: LHB Eric Toney
|
0-0: Called Strike 0-1: Fly out, F8 (Flyball, 8LXD, EV 103.8 MPH) Runner from 3rd tags up, SCORES, no throw by CF
|
|
Batting: RHB Sesto Carpini
|
0-0: Foul Ball, location: 2F 0-1: Foul Ball, location: 2F 0-2: DOUBLE (Flyball, 8LXD, EV 105.6 MPH) Darryl Gonnella scores Alex Diaz to third Runner from 3rd tries for Home, SAFE, throw by CF to home
|
|
Pitching: LHP Jesse Turner
|
|
|
Pinch Hitting: RHB Antonio Pacheco
|
0-0: Ball 1-0: Ground out U3 (Groundball, 3L, EV 98.8 MPH)
|
| Top of the 9th over - 4 runs, 3 hits, 0 errors, 1 left on base; Durham 8 - Toledo 6 |
| BOTTOM OF THE 9TH |
|
Toledo Mud Hens batting - Pitching for Durham Bulls : RHP Luis Cubero
|
|
Pitching: LHP Sam Wesman
|
|
|
Now in LF: Darryl Gonnella
|
|
|
Now in CF: Antonio Pacheco
|
|
|
Batting: RHB Tony Soto
|
0-0: DOUBLE (Groundball, 5L, EV 101.2 MPH)
|
|
Pinch Hitting: RHB Brady Jeleniewski
|
0-0: Ball 1-0: Ground out 5-3 (Groundball, 56S, EV 85.0 MPH)
|
|
Batting: RHB John Evancho
|
0-0: Foul Ball, location: 2F 0-1: Ball 1-1: Foul Ball, location: 2F 1-2: Strikes out swinging
|
|
Batting: RHB J.J. Basil
|
0-0: Called Strike 0-1: SINGLE (Flyball, 89S, EV 90.6 MPH) Tony Soto to third
|
|
Batting: RHB Dusty Pollert
|
0-0: Called Strike 0-1: Swinging Strike 0-2: Strikes out looking
|
| Bottom of the 9th over - 0 runs, 2 hits, 0 errors, 2 left on base; Durham 8 - Toledo 6 |
|